 Dungeon Crawl Stone Soup version 0.13.0-18-g7b03ea5 (webtiles) character file.

188755 JacquesDerrida the Anemomancer (level 17, -14/105 HPs)
             Began as a High Elf Air Elementalist on Oct 20, 2013.
             Was the Champion of Sif Muna.
             Killed from afar by an ice dragon (23 damage)
             ... with a blast of cold
             ... on Level 20 of the Dungeon on Oct 22, 2013.
             The game lasted 04:05:09 (33577 turns).

JacquesDerrida the Anemomancer (HEAE)              Turns: 33577, Time: 04:05:11

HP -14/105       AC 23     Str 12      XL: 17   Next: 84%
MP  27/37        EV 17     Int 32      God: Sif Muna [******]
Gold 2485        SH 11     Dex 16      Spells:  9 memorised,  2 levels left

Res.Fire  : . . .   See Invis. : +   W - staff of air
Res.Cold  : . . .   Warding    : .   q - +3 mottled dragon armour
Life Prot.: . . .   Conserve   : .   z - +0 elf buckler
Res.Poison: .       Res.Corr.  : .   G - +2 wizard hat "Etapp" {Int+4 Dam-2}
Res.Elec. : +       Clarity    : +   F - +2 cloak of the Devil's Advocate {MR++ SInv}
Sust.Abil.: . .     Spirit.Shd : .   m - +1 pair of dwarf gloves
Res.Mut.  : .       Stasis     : .   N - +1 pair of dwarf boots
Res.Rott. : .       Flight     : .   t - amulet of the gourmand
Gourmand  : +                        g - ring of wizardry
                                     k - +6 ring of intelligence

@: repel missiles, quick, extraordinarily resistant to hostile enchantments,
unstealthy
A: clarity, spit poison 3
a: Spit Poison, Channel Energy, Forget Spell, Renounce Religion


You were on level 20 of the Dungeon.
You worshipped Sif Muna.
Sif Muna was exalted by your worship.
You were very full.

You visited 5 branches of the dungeon, and saw 36 of its levels.
You also visited: Labyrinth.

You collected 4019 gold pieces.
You spent 1554 gold pieces at shops.

Inventory:

Hand weapons
 r - the +2,+3 morningstar of Phe Tupu {pain, *Rage rC+ rN+ Int+3}
   (You found it on level 3 of the Elven Halls)

   In the hands of one skilled in necromantic magic, it inflicts extra damage on
   living creatures.
   It affects your intelligence (+3).
   It protects you from cold.
   It protects you from negative energy.
   It makes you angry.
 T - the +2,+9 sling of Revolt {speed, rN+ MR+}
   (You found it on level 3 of the Elven Halls)

   Attacks with this weapon take half as long, but cause slightly less damage.
   It protects you from negative energy.
   It affects your resistance to hostile enchantments.
 Z - the +8,+3 dagger "Shor Huump" (quivered) {speed, Int+3}
   (You found it on level 3 of the Elven Halls)

   Attacks with this weapon take half as long, but cause slightly less damage.
   It affects your intelligence (+3).
Armour
 m - a +1 pair of dwarven gloves (worn)
 q - a +3 mottled dragon armour (worn)
 z - a +0 elven buckler (worn)
 F - the +2 cloak of the Devil's Advocate (worn) {MR++ SInv}
   (You bought it in a shop on level 1 of the Orcish Mines)

   It affects your resistance to hostile enchantments.
   It enhances your eyesight.
 G - the +2 wizard hat "Etapp" (worn) {Int+4 Dam-2}
   (You bought it in a shop on level 1 of the Orcish Mines)

   It affects your intelligence (+4).
   It affects your damage-dealing abilities (-2).
 N - a +1 pair of dwarven boots (worn)
Magical devices
 n - a wand of disintegration (5)
 p - a wand of invisibility (4)
 u - a wand of heal wounds (5)
 I - a wand of teleportation (5)
 P - a wand of digging (10)
Comestibles
 c - 4 bread rations
 w - 4 meat rations
 H - 3 chunks of hill giant flesh
Scrolls
 d - a scroll of recharging
 e - 6 scrolls of teleportation
 j - a scroll of amnesia
 l - 3 scrolls of remove curse
 o - a scroll of enchant weapon II
 y - 5 scrolls of identify
 J - 2 scrolls of magic mapping
 K - 2 scrolls of fog
 O - a scroll of enchant armour
Jewellery
 a - a cursed amulet of resist mutation
 f - an uncursed ring of protection from magic
 g - a ring of wizardry (right hand)
 h - an uncursed ring of see invisible
 k - a +6 ring of intelligence (left hand)
 t - an amulet of the gourmand (around neck)
 v - a +5 ring of intelligence
 x - a +4 ring of protection
 C - a +0,+7 ring of slaying
 E - a cursed ring of teleportation
 M - an uncursed amulet of resist corrosion
 R - the amulet of Truth {Ward rF+ Str-3}
   (You found it on level 3 of the Elven Halls)

   [amulet of warding]

   It affects your strength (-3).
   It protects you from fire.
Potions
 i - a potion of might
 B - 3 potions of curing
 L - 2 potions of restore abilities
Magical staves
 U - an uncursed staff of energy
 W - an uncursed staff of air (weapon)
Miscellaneous
 b - a fan of gales
 s - a lamp of fire
 V - a phial of floods (inert)


   Skills:
 - Level 7.8 Fighting
 + Level 12.8 Armour
 + Level 9.0 Dodging
 - Level 2.1 Stealth
 - Level 5.0 Shields
 - Level 11.9 Spellcasting
 - Level 9.4 Conjurations
 - Level 11.0 Charms
 - Level 6.6 Ice Magic
 - Level 22.2 Air Magic
 - Level 5.8 Invocations


You had 2 spell levels left.
You knew the following spells:

 Your Spells              Type           Power        Failure   Level  Hunger
a - Shock                 Conj/Air       ####         0%          1    None
b - Swiftness             Chrm/Air       ########..   0%          2    None
c - Repel Missiles        Chrm/Air       ########..   0%          2    None
d - Flight                Chrm/Air       ########..   0%          3    None
e - Lightning Bolt        Conj/Air       ########..   1%          5    None
f - Regeneration          Chrm/Necr      ######....   1%          3    None
g - Freezing Cloud        Conj/Ice/Air   ########..   1%          6    ####...
h - Tornado               Air            ########..   8%          9    #######
i - Haste                 Chrm           ######..     2%          6    ####...


Dungeon Overview and Level Annotations

Branches:
Dungeon (20/27)            Temple (1/1) D:7             Orc (4/4) D:7
    Elf (3/3) Orc:4          Lair (8/8) D:13          Swamp (0/5) Lair:3
 Spider (0/5) Lair:4        Slime (0/6) Lair:7       Vaults (0/5) D:20

Altars:
Ashenzari
Cheibriados
Elyvilon
Fedhas
Kikubaaqudgha
Makhleb
Nemelex Xobeh
Okawaru
Sif Muna
Trog
Vehumet
Xom
Yredelemnul
Zin
the Shining One
Beogh

Shops:
D:8 [   D:10 =   D:15 !   Orc:1 *(([   Orc:4 %%[*

Annotations:
D:9 Psyche
D:20 Boris
Lair:2 exclusion: oklob plant


Innate Abilities, Weirdness & Mutations

You possess an exceptional clarity of mind.
You can spit strong poison.


Message History

Press: ? - help, Shift-Dir - straight line, f - you You feel much better.
This wand has 6 charges left.
The winds around you calm down. The ice dragon bites you.
The ice dragon barely misses you. The ice dragon misses you.
Boris conjures an orb of pure magic.
The wavering orb of destruction weakly hits you!
Read which item? (? for menu, Esc to quit)
Okay, then.
Evoke which item? (* to show all) (? for menu, Esc to quit)
Zapping:
u - a wand of heal wounds (6)
Press: ? - help, Shift-Dir - straight line, f - you You feel much better.
This wand has 5 charges left.
Boris conjures an orb of pure magic.
The wavering orb of destruction weakly hits you!
* * * LOW HITPOINT WARNING * * *
The ice dragon breathes frost at you. The blast of cold hits you!
One of your 2 potions of might freezes and shatters!
You die...

...... #... ##......
###. #...ยง. ##
##...# #...# #...#
#...## # #LD..# .
#.@O#..# . #...# ##
. #...# # #...# #
#...# #
##...############ ##
#..........##...###.
######.###.....(((..
#.# #..)....%((


You could see Boris (invisible), an ice dragon and an ogre mage.

Vanquished Creatures
  A titan (D:15)
  A deep elf master archer (Elf:3)
  3 deep elf blademasters
  Rupert (Elf:3)
  9 deep elf sorcerers
  Louise (D:14)
  A balrug (Elf:3)
  A stone giant (D:15)
  7 deep elf demonologists
  7 deep elf annihilators (Elf:3)
  A minotaur (Lab)
  A dragon (D:19)
  7 deep elf death magi
  7 deep elf high priests
  A great orb of eyes (D:18)
  A yaktaur captain (D:20)
  Fannar (D:10)
  10 hydras
  Harold (D:11)
  An ice dragon (D:17)
  2 dancing weapons (D:20)
  Erica (Elf:1)
  An ogre mage (D:15)
  10 centaur warriors
  3 spectral elves (Elf:3)
  A very ugly thing (D:14)
  Urug (D:16)
  5 orc high priests (Orc:4)
  Nergalle (D:11)
  3 unseen horrors
  10 deep elf knights
  A giant orange brain (D:19)
  7 skeletal warriors
  5 giant amoebae
  23 hill giants
  4 deep elf conjurers
  A flaming corpse (D:13)
  A sphinx zombie (D:17)
  2 wolf spiders
  2 stone giant zombies
  An orc sorcerer (Orc:4)
  8 orc knights
  A red wasp (D:20)
  34 slime creatures
  5 griffons
  3 oklob plants (Lair:1)
  4 cyclopes
  2 spiny worms (D:20)
  A spiny frog (shapeshifter) (D:19)
  An orange demon (Elf:3)
  A spriggan druid (Lair:8)
  3 stone giant skeletons
  2 black mambas (Lair:6)
  An eye of devastation (D:18)
  A sixfirhy (Elf:1)
  5 deep elf summoners
  11 spiny frogs
  An efreet (D:16)
  3 hellwings
  A redback zombie (D:18)
  5 deep elf priests
  Grinder (D:3)
  A komodo dragon (shapeshifter) (Elf:2)
  2 burning bushes (D:13)
  11 spriggans (Lair:8)
  2 fire drakes
  5 komodo dragons
  A mermaid (shapeshifter) (D:19)
  A red devil (Orc:4)
  A giant firefly (Lair:8)
  A jumping spider (Lair:4)
  5 two-headed ogres
  A hydra skeleton (D:12)
  7 blink frogs
  Prince Ribbit (D:6)
  A polar bear (Lair:6)
  3 fire vortices (D:13)
  14 trolls
  3 brown oozes (Lair:7)
  A griffon zombie (D:15)
  A vampire (D:18)
  5 grizzly bears (Lair:8)
  8 basilisks
  A redback (Elf:2)
  A shark (D:14)
  A basilisk (shapeshifter) (D:15)
  2 hill giant zombies
  A ynoxinul (Elf:3)
  2 shadows
  The ghost of dyno the Cudgeler, an average OgAr (D:3)
  A chaos spawn (Elf:2)
  A golden eye (shapeshifter) (D:16)
  7 vampire mosquitoes
  3 wraiths
  13 hippogriffs
  A wyvern (D:12)
  51 yaks
  Eustachio (D:8)
  44 ugly things
  A clay golem (D:20)
  16 deep elf magi
  17 deep elf fighters
  5 water elementals
  2 hill giant skeletons
  46 wolves
  A rock worm (D:18)
  4 hungry ghosts
  A soldier ant (D:19)
  A neqoxec (Elf:3)
  3 manticores
  A necrophage (D:14)
  6 porcupines
  A naga (D:11)
  3 mottled dragons
  6 phantoms
  23 centaurs
  A yellow wasp (D:15)
  An ice beast (shapeshifter) (Elf:1)
  7 sky beasts
  4 giant goldfish
  34 orc warriors
  10 black bears
  15 crocodiles
  4 ice beasts
  8 ogres
  A crocodile (shapeshifter) (D:20)
  3 wargs
  Duvessa (D:9)
  A lost soul (Elf:3)
  20 giant frogs
  A big kobold (D:17)
  6 giant slugs
  A yaktaur zombie (D:18)
  A giant slug zombie (D:18)
  A manticore zombie (D:14)
  A cyclops zombie (D:13)
  3 agate snails
  2 yaktaur skeletons
  14 water moccasins
  4 eyes of draining
  3 wyvern skeletons
  A troll zombie (D:15)
  A cyclops skeleton (D:14)
  2 rock worm zombies (D:18)
  A boulder beetle zombie (D:15)
  29 killer bees
  A killer bee (shapeshifter) (D:15)
  4 fire bats (D:13)
  3 jellyfish (D:8)
  5 electric eels
  A troll skeleton (D:9)
  17 wights
  Dowan (D:9)
  9 crimson imps
  3 goliath beetles
  2 basilisk zombies (D:13)
  5 big fish
  9 hounds
  3 scorpions
  3 spiders (Lair:4)
  2 two-headed ogre zombies
  A boring beetle zombie (D:18)
  2 giant frog zombies
  3 quasits
  A soldier ant zombie (D:11)
  Crazy Yiuf (D:3)
  37 orc priests
  9 jellies
  A two-headed ogre skeleton (D:8)
  A giant frog skeleton (D:11)
  4 iguanas
  A basilisk skeleton (D:15)
  An orange rat (Elf:2)
  14 worker ants
  An iron imp (Elf:2)
  A boulder beetle simulacrum (D:16)
  31 orc wizards
  A killer bee zombie (D:5)
  26 sheep
  2 sky beast zombies
  Ijyb (D:4)
  Jessica (D:3)
  A mottled dragon zombie (D:14)
  A big kobold skeleton (D:15)
  An ogre skeleton (D:4)
  A mottled dragon skeleton (D:15)
  A hound skeleton (D:10)
  20 adders
  12 giant centipedes
  4 gnolls (D:5)
  31 green rats
  A white imp (Elf:2)
  2 worms
  2 adder skeletons
  5 giant eyeballs
  5 giant geckos
  17 oozes
  210 orcs
  4 giant cockroaches
  16 goblins
  18 hobgoblins
  13 quokkas
  4 ball pythons
  22 bats
  6 giant newts
  2 giant spores
  32 jackals
  19 kobolds
  2 kobold zombies
  2 orc skeletons
  21 rats
  A rat skeleton (D:8)
  A rat zombie (D:6)
  7 ballistomycetes
  5 bushes
  2 butterflies (D:7)
  17 fungi
  10 plants
1492 creatures vanquished.

Vanquished Creatures (others)
  An orc (D:13)
  A goblin (Orc:1)
  A jackal (Lair:2)
  2 giant spores
  2 ballistomycetes (D:14)
  9 fungi
  A plant (Lair:5)
17 creatures vanquished.

Grand Total: 1509 creatures vanquished

Notes
Turn   | Place    | Note
--------------------------------------------------------------
     0 | D:1      | JacquesDerrida, the High Elf Air Elementalist, began the quest for the Orb.
     0 | D:1      | Reached XP level 1. HP: 11/11 MP: 4/4
   149 | D:1      | Reached skill level 4 in Air Magic
   185 | D:1      | Reached XP level 2. HP: 6/17 MP: 0/5
   751 | D:1      | Reached XP level 3. HP: 17/21 MP: 7/7
   872 | D:2      | Learned a level 2 spell: Swiftness
  1277 | D:2      | Reached XP level 4. HP: 27/27 MP: 5/10
  1430 | D:3      | Noticed Grinder
  1431 | D:3      | Paralysed by Grinder for 3 turns
  1498 | D:3      | Learned a level 2 spell: Repel Missiles
  1537 | D:3      | Killed Grinder
  1537 | D:3      | Reached skill level 5 in Conjurations
  1537 | D:3      | Reached skill level 5 in Air Magic
  1537 | D:3      | Reached XP level 5. HP: 10/31 MP: 3/12
  1537 | D:3      | Reached XP level 6. HP: 11/36 MP: 3/14
  1627 | D:3      | Noticed Jessica
  1630 | D:3      | Killed Jessica
  1767 | D:3      | Noticed dyno's ghost (average OgAr)
  1781 | D:3      | Reached skill level 6 in Air Magic
  1791 | D:3      | Killed dyno's ghost
  1871 | D:3      | Noticed Crazy Yiuf
  1891 | D:3      | Killed Crazy Yiuf
  1891 | D:3      | Reached XP level 7. HP: 39/41 MP: 9/17
  2013 | D:3      | Found a burning altar of Makhleb.
  2013 | D:3      | Noticed a blizzard demon
  2016 | D:3      | Noticed a hellwing
  2016 | D:3      | Noticed a ynoxinul
  2369 | D:4      | Noticed Ijyb
  2376 | D:4      | Killed Ijyb
  3111 | D:5      | Entered Level 5 of the Dungeon
  3222 | D:5      | Reached skill level 5 in Spellcasting
  3222 | D:5      | Reached XP level 8. HP: 40/46 MP: 4/22
  3307 | D:5      | Learned a level 3 spell: Flight
  3313 | D:5      | Learned a level 5 spell: Lightning Bolt
  4052 | D:6      | Found a glowing golden altar of the Shining One.
  4162 | D:6      | Reached skill level 5 in Fighting
  4534 | D:6      | Reached XP level 9. HP: 54/56 MP: 10/24
  4536 | D:6      | Gained mutation: You possess an exceptional clarity of mind. [potion of mutation]
  4536 | D:6      | Gained mutation: You can spit poison. [potion of mutation]
  4536 | D:6      | Gained mutation: You can spit moderately strong poison. [potion of mutation]
  4589 | D:6      | Noticed Prince Ribbit
  4620 | D:6      | Killed Prince Ribbit
  4620 | D:6      | Reached skill level 5 in Dodging
  4889 | D:7      | Reached skill level 7 in Conjurations
  5126 | D:7      | Found a staircase to the Ecumenical Temple.
  5160 | D:7      | Reached skill level 8 in Air Magic
  5173 | D:8      | Found Waex's Armour Emporium.
  5189 | Temple   | Entered the Ecumenical Temple
  5274 | D:7      | Found a staircase to the Orcish Mines.
  5322 | D:7      | Paralysed by a giant eyeball for 3 turns
  5538 | D:7      | Found a deep blue altar of Sif Muna.
  5542 | D:7      | Became a worshipper of Sif Muna the Loreminder
  5546 | D:7      | Found a blossoming altar of Fedhas.
  5551 | D:7      | Found a shattered altar of Ashenzari.
  5782 | D:8      | Paralysed by a giant eyeball for 3 turns
  5876 | D:8      | Reached skill level 9 in Air Magic
  5940 | D:8      | Found a blossoming altar of Fedhas.
  6058 | D:8      | Acquired Sif Muna's first power
  6058 | D:8      | Reached XP level 10. HP: 39/63 MP: 1/25
  6072 | D:8      | Reached skill level 1 in Invocations
  6402 | D:8      | Noticed Eustachio
  6414 | D:8      | Killed Eustachio
  6838 | D:9      | Found a roughly hewn altar of Beogh.
  6867 | D:9      | Reached skill level 5 in Invocations
  6963 | D:9      | Found a radiant altar of Vehumet.
  7290 | D:9      | Noticed Psyche
  7575 | D:9      | Noticed Dowan
  7589 | D:9      | Noticed Duvessa
  7603 | D:9      | Killed Duvessa
  7604 | D:9      | Killed Dowan
  7629 | D:9      | Learned a level 3 spell: Regeneration
  7653 | D:10     | Entered Level 10 of the Dungeon
  7731 | D:10     | Found Cuplos' Jewellery Boutique.
  8042 | D:10     | Acquired Sif Muna's second power
  8042 | D:10     | Reached skill level 5 in Charms
  8331 | D:10     | Noticed Fannar
  8340 | D:10     | Killed Fannar
  8466 | D:11     | Paralysed by a giant eyeball for 4 turns
  8477 | D:11     | Reached XP level 11. HP: 62/68 MP: 14/26
  8639 | D:11     | Noticed a hill giant
  8641 | D:11     | Noticed Nergalle
  8647 | D:11     | Killed a hill giant
  8656 | D:11     | Killed Nergalle
  8666 | D:11     | Noticed Harold
  8668 | D:11     | Noticed a cyclops
  8668 | D:11     | yokelz: gonna get us 15 runes?
  8669 | D:11     | JacquesDerrida: probably not ;p
  8669 | D:11     | yokelz: :(
  8669 | D:11     | JacquesDerrida: but who knows
  8669 | D:11     | JacquesDerrida: If i'll get tornado going
  8669 | D:11     | JacquesDerrida: when yes
  8695 | D:11     | Killed Harold
  8695 | D:11     | Reached skill level 10 in Charms
  8709 | D:11     | yokelz: I have no idea how air magic fares post end
  8709 | D:11     | JacquesDerrida: by using tornado much
  8709 | D:11     | JacquesDerrida: and having decent armour and ev
  8717 | D:11     | Killed a cyclops
  8733 | D:11     | yokelz: nice bouncing
  8733 | D:11     | yokelz: I should learn that too
  8733 | D:11     | JacquesDerrida: by the time i hit the vaults I'll probably need to switch to fighting
  8733 | D:11     | JacquesDerrida: HE aptitudes are rediculously high
  8753 | D:11     | JacquesDerrida: multizap is not that it used to be
  8753 | D:11     | JacquesDerrida: now it's just 2 hit maximum
  8811 | D:11     | Reached skill level 10 in Air Magic
  8856 | D:11     | yokelz: lol what naga
  8876 | D:11     | JacquesDerrida: spaceship vault
  8892 | D:11     | yokelz: hey I had that too
  8896 | D:11     | yokelz: didn't notice the flames outside though
  8903 | D:11     | JacquesDerrida: lazy food-filled turkish bath
  8903 | D:11     | JacquesDerrida: good times
  9129 | D:11     | JacquesDerrida: ;(
  9215 | D:11     | Paralysed by a giant eyeball for 2 turns
  9519 | D:12     | Acquired Sif Muna's third power
  9679 | D:12     | Noticed a hill giant
  9713 | D:12     | Killed a hill giant
  9713 | D:12     | Reached skill level 11 in Air Magic
 10040 | D:12     | Reached skill level 12 in Air Magic
 10327 | D:12     | Noticed a hill giant
 10350 | D:12     | Killed a hill giant
 10393 | D:12     | Reached XP level 12. HP: 74/74 MP: 6/29
 10683 | D:12     | Noticed a six-headed hydra
 10724 | D:12     | Killed a six-headed hydra
 10751 | D:12     | Reached skill level 13 in Air Magic
 11066 | D:13     | Found a bloodstained altar of Trog.
 11208 | D:13     | Found a staircase to the Lair.
 11231 | Lair:1   | Entered Level 1 of the Lair of Beasts
 11318 | Lair:1   | Received a gift from Sif Muna
 11319 | Lair:1   | Identified Sif Muna's Catalogue of Igneous Arcane Weapons (Sif Muna gifted it to you on level 1 of the Lair of Beasts)
 11747 | Lair:1   | Reached skill level 14 in Air Magic
 11897 | Lair:2   | Noticed a four-headed hydra
 11904 | Lair:2   | Found a blossoming altar of Fedhas.
 12046 | Lair:3   | Found a staircase to the Swamp.
 12291 | Lair:3   | Reached skill level 15 in Air Magic
 13252 | Lair:4   | Reached XP level 13. HP: 75/79 MP: 2/32
 13392 | Lair:4   | Received a gift from Sif Muna
 13395 | Lair:4   | Identified Sif Muna's Incunabulum of Gliding Protection (Sif Muna gifted it to you on level 4 of the Lair of Beasts)
 13616 | Lair:4   | Found a hole to the Spider Nest.
 14156 | Lair:5   | Reached skill level 16 in Air Magic
 14314 | Lair:5   | You fall through a shaft!
 15120 | Lair:6   | Reached skill level 10 in Spellcasting
 15835 | Lair:7   | Reached skill level 17 in Air Magic
 16191 | Lair:7   | Received a gift from Sif Muna
 16194 | Lair:7   | Identified Sif Muna's Almanac of Feathers (Sif Muna gifted it to you on level 7 of the Lair of Beasts)
 16202 | Lair:7   | Learned a level 6 spell: Freezing Cloud
 16211 | Lair:7   | Found a staircase to the Slime Pits.
 16317 | Lair:7   | Reached skill level 1 in Ice Magic
 16694 | Lair:8   | Entered Level 8 of the Lair of Beasts
 17135 | Lair:8   | Reached skill level 5 in Ice Magic
 17150 | Lair:8   | Reached XP level 14. HP: 20/85 MP: 2/33
 17498 | Lair:8   | Got a shimmering robe
 17499 | Lair:8   | Identified the +1 robe "Fefe" {rC+ Dex+2} (You found it on level 8 of the Lair of Beasts)
 17889 | Lair:8   | Reached skill level 18 in Air Magic
 18722 | Lair:2   | Killed a four-headed hydra
 18858 | Lair:2   | Received a gift from Sif Muna
 18859 | Lair:2   | Identified Sif Muna's Catalogue of Feathery Confrontation (Sif Muna gifted it to you on level 2 of the Lair of Beasts)
 19218 | Lair:1   | Learned a level 9 spell: Tornado
 19662 | D:13     | Got a transparent bow
 19663 | D:13     | Identified the bow of Haorrew {venom, +Blink rPois SInv} (You found it on level 13 of the Dungeon)
 19726 | D:13     | Reached skill level 19 in Air Magic
 20546 | Orc:1    | Entered Level 1 of the Orcish Mines
 20615 | Orc:1    | Found Ibapurua's Antique Armour Shoppe.
 20617 | Orc:1    | Found a radiant altar of Vehumet.
 20680 | Orc:1    | Bought a fine helmet for 180 gold pieces
 20680 | Orc:1    | Bought a polished cloak for 144 gold pieces
 20685 | Orc:1    | Identified the cursed -1 helmet of Dawn {rC+ Dex-3 Int-3} (You bought it in a shop on level 1 of the Orcish Mines)
 20688 | Orc:1    | Identified the +2 cloak of the Devil's Advocate {MR++ SInv} (You bought it in a shop on level 1 of the Orcish Mines)
 20689 | Orc:1    | Bought an ichor-stained wizard hat for 180 gold pieces
 20695 | Orc:1    | Identified the cursed +2 wizard hat "Etapp" {Int+4 Dam-2} (You bought it in a shop on level 1 of the Orcish Mines)
 20715 | Orc:1    | Bought a mottled dragon armour for 960 gold pieces
 20898 | Orc:2    | Reached skill level 1 in Armour
 21159 | Orc:4    | Entered Level 4 of the Orcish Mines
 21161 | Orc:4    | Found a labyrinth entrance.
 21167 | Lab      | Entered a labyrinth
 21396 | Lab      | Got an ichor-stained glaive
 21396 | Lab      | Got a brightly glowing bone amulet
 21434 | Lab      | Identified the glaive of Xinudeuj {flame, -Tele rPois SInv} (You found it in a labyrinth)
 22006 | Orc:4    | Found a staircase to the Elven Halls.
 22398 | Orc:4    | Found Nicoin's Armour Emporium.
 22399 | Orc:4    | Found Wokhak's Food Emporium.
 22399 | Orc:4    | Found Siamp's General Store.
 22400 | Orc:4    | Found Maethi's Food Shoppe.
 22411 | Orc:4    | Bought a scroll of identify for 24 gold pieces
 22412 | Orc:4    | Identified the amulet of Braqecs {Gourm Str-3 Int+3} (You found it in a labyrinth)
 22474 | Elf:1    | Entered Level 1 of the Elven Halls
 22550 | Elf:1    | Reached XP level 15. HP: 90/90 MP: 35/35
 22556 | Elf:1    | Noticed Erica
 22561 | Elf:1    | Killed Erica
 22569 | Elf:1    | Learned a level 6 spell: Haste
 22647 | Elf:1    | Reached skill level 5 in Armour
 22777 | Elf:1    | Noticed a deep elf sorcerer
 22777 | Elf:1    | Noticed a deep elf blademaster
 22795 | Elf:1    | Killed a deep elf blademaster
 22863 | Elf:1    | Killed a deep elf sorcerer
 24107 | Elf:3    | Entered Level 3 of the Elven Halls
 24198 | Elf:3    | Noticed Rupert
 24238 | Elf:3    | Killed Rupert
 24443 | Elf:3    | Reached skill level 10 in Armour
 24664 | Elf:3    | Reached XP level 16. HP: 57/99 MP: 36/36
 24683 | Elf:3    | Noticed a deep elf master archer
 24747 | Elf:3    | Noticed a deep elf blademaster
 24760 | Elf:3    | Killed a deep elf blademaster
 24789 | Elf:3    | Killed a deep elf master archer
 25013 | Elf:3    | Reached skill level 1 in Shields
 25048 | Elf:3    | Noticed a deep elf blademaster
 25070 | Elf:3    | Killed a deep elf blademaster
 25302 | Elf:3    | Gained mutation: You can spit strong poison. [potion of beneficial mutation]
 25484 | Elf:3    | Identified the Grimoire of Ice
 25494 | Elf:3    | Got a transparent robe
 25526 | Elf:3    | Got a polished bow
 25540 | Elf:3    | Got a warped dagger
 25555 | Elf:3    | Identified the cursed bow "Matheuc" {flame, Str+2 Int+2 Stlth+} (You found it on level 3 of the Elven Halls)
 25568 | Elf:3    | Identified the cursed +0 robe "Serusice" {rF+ Acc+4} (You found it on level 3 of the Elven Halls)
 25586 | Elf:3    | Identified the Incunabulum of Boosts (You found it on level 3 of the Elven Halls)
 25588 | Elf:3    | Got a fine long sword
 25597 | Elf:3    | Identified Sif Muna's Compendium of Ashen Shape Shifting (You found it on level 3 of the Elven Halls)
 25602 | Elf:3    | Identified the Compendium of Icy Boosts
 25629 | Elf:3    | Got a twitching ruby amulet
 25642 | Elf:3    | Identified the long sword of Vouluoh {freeze, Noisy +Blink Stlth++} (You found it on level 3 of the Elven Halls)
 25648 | Elf:3    | Identified the dagger "Shor Huump" {speed, Int+3} (You found it on level 3 of the Elven Halls)
 25654 | Elf:3    | Identified the amulet of Truth {Ward rF+ Str-3} (You found it on level 3 of the Elven Halls)
 25670 | Elf:3    | Got a crystal flail
 25671 | Elf:3    | Identified the cursed flail "Kluumy" {crush, Str+2} (You found it on level 3 of the Elven Halls)
 25694 | Elf:3    | Got an encrusted morningstar
 25706 | Elf:3    | Got a steaming sling
 26408 | Orc:1    | Found Vaneipt's Antique Weapon Shop.
 26614 | Orc:1    | Reached skill level 5 in Shields
 26626 | Orc:1    | Found Clajaigg's Weapon Shop.
 26696 | Orc:1    | Found Gafiuf's General Store.
 26709 | Orc:1    | Bought a scroll of recharging for 66 gold pieces
 27146 | D:14     | Entered Level 14 of the Dungeon
 27463 | D:14     | Noticed Louise
 27483 | D:14     | Killed Louise
 27483 | D:14     | Received a gift from Sif Muna
 27484 | D:14     | Identified Sif Muna's Catalogue of Assistive Ice (Sif Muna gifted it to you on level 14 of the Dungeon)
 28416 | D:15     | Entered Level 15 of the Dungeon
 28430 | D:15     | Found Anotziuc's Distillery.
 28565 | D:15     | Reached skill level 20 in Air Magic
 29243 | D:15     | Found a radiant altar of Vehumet.
 29663 | D:15     | Reached XP level 17. HP: 95/105 MP: 31/37
 29697 | D:15     | Noticed a titan
 29716 | D:15     | Killed a titan
 30013 | D:16     | Got a bloodstained trident
 30014 | D:16     | Identified the trident of the Unliving {pierce, *Tele +Fly rN+ Int+3} (You found it on level 16 of the Dungeon)
 30015 | D:16     | Identified the sling of Revolt {speed, rN+ MR+} (You found it on level 3 of the Elven Halls)
 30016 | D:16     | Identified the cursed morningstar of Phe Tupu {pain, *Rage rC+ rN+ Int+3} (You found it on level 3 of the Elven Halls)
 30200 | D:16     | Reached skill level 21 in Air Magic
 30455 | D:16     | Received a gift from Sif Muna
 30458 | D:16     | Identified Sif Muna's Disquisition on Glacial Protection (Sif Muna gifted it to you on level 16 of the Dungeon)
 30486 | D:16     | Upgraded the game from 0.13.0-15-g9204fa6 to 0.13.0-17-g5f0e85f
 30510 | D:16     | Noticed Urug
 30518 | D:16     | Killed Urug
 31067 | D:17     | Got a fabulously ornate robe
 31088 | D:16     | Identified the cursed -4 robe of Curiosity {Acc+3 Dam-2} (You found it on level 17 of the Dungeon)
 31151 | D:16     | Upgraded the game from 0.13.0-17-g5f0e85f to 0.13.0-18-g7b03ea5
 31811 | D:18     | Reached skill level 22 in Air Magic
 32040 | D:18     | Found a shimmering altar of Xom.
 33129 | D:20     | Entered Level 20 of the Dungeon
 33144 | D:20     | Paralysed by a red wasp for 3 turns
 33409 | D:20     | Found a staircase to the Vaults.
 33560 | D:20     | Noticed Boris
 33577 | D:20     | Killed from afar by an ice dragon

Action                   |  1- 3 |  4- 6 |  7- 9 | 10-12 | 13-15 | 16-18 || total
-------------------------+-------+-------+-------+-------+-------+-------++-------
Melee: Unarmed           |    28 |       |       |       |       |       ||    28
       Dagger            |    35 |    13 |       |       |       |       ||    48
       Long sword        |       |       |     2 |       |       |       ||     2
       Quarterstaff      |       |       |    40 |    27 |    24 |       ||    91
       Staff             |       |       |     9 |       |     2 |   140 ||   151
       Quick blade       |       |       |       |       |   107 |       ||   107
 Fire: Bow               |       |       |       |       |     6 |       ||     6
 Cast: Shock             |    64 |    37 |   451 |   747 |   610 |   159 ||  2068
       Swiftness         |       |     3 |     7 |    28 |    35 |    34 ||   107
       Repel Missiles    |       |       |     4 |     9 |    20 |    28 ||    61
       Lightning Bolt    |       |       |     4 |   159 |   233 |   102 ||   498
       Regeneration      |       |       |       |    14 |    31 |    30 ||    75
       Freezing Cloud    |       |       |       |       |   154 |   104 ||   258
       Haste             |       |       |       |       |     3 |     2 ||     5
       Tornado           |       |       |       |       |       |    29 ||    29
       Flight            |       |       |       |       |       |     1 ||     1
Invok: Channel Energy    |       |       |       |   281 |   577 |   207 ||  1065
 Abil: Spit Poison       |       |       |     3 |       |       |       ||     3
Evoke: Wand              |       |       |    27 |    12 |     3 |     5 ||    47
       Miscellaneous     |       |       |       |       |       |     2 ||     2
  Use: Scroll            |       |       |    24 |    14 |    17 |     9 ||    64
       Potion            |       |       |     4 |    11 |     3 |     5 ||    23
 Stab: Sleeping          |     1 |       |     1 |       |       |       ||     2
       Paralysed         |       |       |     3 |       |       |       ||     3
